 Dungeon Crawl Stone Soup version 0.28.0-47-ge53b351184 (webtiles) character file.

Game seed: 10426834253860049329

55 acdeimund the Chiller (level 3, -5/26 HPs)
             Began as a Merfolk Ice Elementalist on May 1, 2022.
             Killed from afar by an orc wizard (12 damage)
             ... with a puff of flame
             ... on level 2 of the Dungeon.
             The game lasted 00:08:27 (2040 turns).

acdeimund the Chiller (Merfolk Ice Elementalist)    Turns: 2040, Time: 00:08:28

Health: -5/26      AC:  2    Str:  8    XL:     3   Next: 93%
Magic:  3/6        EV: 13    Int: 16    God:
Gold:   87         SH:  0    Dex: 14    Spells: 2/6 levels left

rFire   . . .      SeeInvis .   k - +1 dagger (elec)
rCold   . . .      Faith    .   (no shield)
rNeg    . . .      Spirit   .   a - +0 robe
rPois   .          Reflect  .   (no helmet)
rElec   .          Harm     .   (no cloak)
rCorr   .          Rampage  .   (no gloves)
Will    .....                   (no boots)
Stlth   ++........              (no amulet)
HPRegen 0.08/turn               (no ring)
MPRegen 0.10/turn               (no ring)

@: freezing walls
A: (nimble swimmer 2), mertail
a: no special abilities


You were on level 2 of the Dungeon.
You visited 1 branch of the dungeon, and saw 3 of its levels.

You collected 87 gold pieces.

Inventory:

Hand Weapons
 c - a +0 whip
 d - a +0 dagger
 k - a +1 dagger of electrocution (weapon)
Missiles
 h - 4 boomerangs of dispersal
Armour
 a - a +0 robe (worn)
Jewellery
 e - a ring of protection from cold
Scrolls
 f - 2 scrolls of noise
 l - a scroll of torment {unknown}
Potions
 b - 2 potions of brilliance
 g - a potion of magic {unknown}
 i - a potion of lignification {unknown}
 j - a potion of attraction {unknown}
 m - a potion of mutation {unknown}


   Skills:
 + Level 1.3 Fighting
 + Level 3.2 Dodging
 + Level 2.8 Stealth
 + Level 2.3 Spellcasting
 * Level 4.9 Ice Magic


You had 2 spell levels left.
You knew the following spells:

 Your Spells              Type           Power      Damage    Failure   Level
a - Freeze                Ice            68%        1d8       2%          1
b - Frozen Ramparts       Ice            34%        1d5       8%          3

Your spell library contained the following spells:

 Spells                   Type           Power      Damage    Failure   Level
 Ozocubu's Armour         Ice            17%        N/A       8%          3
 Hailstorm                Conj/Ice       9%         3d4       58%         4


Dungeon Overview and Level Annotations

Branches:
Dungeon (3/15)

Altars:


Innate Abilities, Weirdness & Mutations

((You are very nimble when in or above water. (Stealth+, EV+, Speed+++)))
Your lower body shifts to a powerful aquatic tail in water.


Message History

The orc closely misses you.
You climb upwards.
There is a stone staircase leading down here.
You hit the orc wizard but do no damage.
The orc wizard barely misses you. The orc wizard closely misses you.
The orc barely misses you.
Casting: Frozen Ramparts (quite dangerous; 8% risk of failure)
Confirm with . or Enter, or press ? or * to list all spells.
The spell is quite dangerous to miscast (8% risk of failure)!
Continue anyway?
Casting: Frozen Ramparts (quite dangerous; 8% risk of failure)
Press: ? - help, Dir - look around, f - activate The walls around you are covered in ice.
The wall freezes the orc wizard.
The orc wizard hits you with a +0 dagger. x2
The wall freezes the orc.
The orc completely misses you.
Your frozen ramparts will break if you move.
Continue?
Okay, then.
You hit the orc wizard but do no damage.
Your punch misses the orc wizard.
The wall freezes the orc wizard.
The orc wizard closely misses you. The orc wizard casts a spell at you.
The puff of flame hits you!
Ouch! That really hurt!
The wall freezes the orc.
The orc barely misses you.
Casting: Frozen Ramparts (quite dangerous; 8% risk of failure)
Confirm with . or Enter, or press ? or * to list all spells.
You cannot sustain more frozen ramparts right now.
Unknown command.
You hit the orc wizard but do no damage.
The wall freezes the orc wizard.
The orc wizard hits you with a +0 dagger.
* * * LOW HITPOINT WARNING * * *
The orc wizard barely misses you.
The wall freezes the orc.
You kill the orc!
You hit the orc wizard.
The orc wizard is lightly wounded.
The wall freezes the orc wizard.
The orc wizard casts a spell at you. The puff of flame hits you!
You die...

.##......# #.......#
.##.####.### #.#####.#
>...##..(..# #.# #.#
..#..#.#.#.###.## #.#
................# #.#
..####.#.#.###..# #.#
...###.....# #..# #.#
.........### #..####.###
...#####.#####.)@......#
...............oo......#
..######.######........#
.........# #........#
#.###.#### #........#
#.# #.# #........# #.#
#.# ##.......# #.# #.#
###..#### ..# #.# #..#


You could see 2 orc wizards.

Vanquished Creatures
  An adder (D:2)
  2 dart slugs (D:1)
  An orc (D:2)
  2 ball pythons (D:1)
  2 endoplasms (D:1)
  3 giant cockroaches (D:1)
  7 goblins
  A hobgoblin (D:1)
  3 jackals (D:1)
  A quokka (D:1)
  4 bats
  4 frilled lizards
  3 kobolds
  2 rats
36 creatures vanquished.

Notes
Turn   | Place    | Note
-------+----------+-------------------------------------------
     0 | D:1      | acdeimund the Merfolk Ice Elementalist began the quest for
                  | the Orb.
     0 | D:1      | Reached XP level 1. HP: 13/13 MP: 3/3
   220 | D:1      | Reached XP level 2. HP: 15/20 MP: 1/5
   367 | D:1      | You fall into a shaft and drop 1 floor!
   714 | D:1      | Reached skill level 1 in Fighting
   769 | D:1      | Reached XP level 3. HP: 26/26 MP: 4/6
   818 | D:1      | Learned a level 3 spell: Frozen Ramparts
  2040 | D:2      | Killed from afar by an orc wizard

Illustrated notes

Levels and vault maps discovered:
D:1:      minmay_arrival_plants_in_alcoves, layout_loops_ring
D:2:      layout_loops_ring, minmay_misc_feat_hallway
D:3:      layout_rooms, nicolae_ashenzari_skybound

Skill      XL: |  1  2 |
---------------+-------+-----
Fighting       | 1 |  1.3
Dodging        | 3 |  3.2
Stealth        | |  2.8
Spellcasting   | |  2.3
Ice Magic      | |  4.9

Action                   || total
-------------------------++-------
Melee: Whip              ||     6
       Dagger            ||    39
       Punch             ||     3
 Cast: Freeze            ||    35
       Frozen Ramparts   ||     2
  Use: Scroll            ||     2
 Stab: Sleeping          ||     7
Armor: Robe              ||    12
Dodge: Dodged            ||    51
